 Dungeon Crawl Stone Soup version 0.31.0-11-ge490571c62 (webtiles) character file.

Game seed: 3237774496022009457

468 Curundu the Chopper (level 6, -5/56 HPs)
             Began as a Minotaur Berserker on Jan 26, 2024.
             Was a Believer of Trog.
             Slain by a gnoll
             ... wielding a +0 whip of electrocution
              (15 damage)
             ... on level 4 of the Dungeon on Jan 27, 2024.
             The game lasted 00:08:47 (2853 turns).

Curundu the Chopper (Minotaur Berserker)            Turns: 2853, Time: 00:08:47

Health: -5/56      AC: 12    Str: 24    XL:     6   Next: 81%
Magic:  5/5        EV:  7    Int:  4    God:    Trog [**....]
Gold:   203        SH:  0    Dex:  9    Spells: 5/5 levels left

rFire   . . .        a - +1 hand axe
rCold   . . .        (no shield)
rNeg    . . .        m - +0 plate armour
rPois   .            (helmet restricted)
rElec   .            (no cloak)
rCorr   .            (no gloves)
SInv    .            (no boots)
Will    .....        (no amulet) Stlth
                     (no ring)
HPRegen 0.29/turn    (no ring)
MPRegen 0.09/turn

%: no passive effects
@: confused
A: horns 2, retaliatory headbutt
a: Renounce Religion, Berserk, Trog's Hand


You were on level 4 of the Dungeon.
You worshipped Trog.
Trog was pleased with you.
You visited 2 branches of the dungeon, and saw 5 of its levels.

You collected 203 gold pieces.

Inventory:

Hand Weapons
 a - a +1 hand axe (weapon)
Missiles
 h - 2 boomerangs (quivered)
Armour
 m - a +0 plate armour (worn)
Jewellery
 j - a ring of fire
 n - an amulet of regeneration
Scrolls
 b - 3 scrolls of blinking {unknown}
 d - a scroll of fear
 o - a scroll of noise {unknown}
Potions
 c - a potion of berserk rage
 e - a potion of ambrosia
 f - 2 potions of lignification {unknown}
 g - 3 potions of curing
 i - a potion of heal wounds {unknown}
 k - a potion of attraction {unknown}
 l - a potion of might {unknown}


   Skills:
 + Level 5.2 Fighting
 + Level 6.9 Axes
 + Level 5.1 Armour
 + Level 2.9 Dodging
 + Level 0.1 Stealth


You had 5 spell levels left.
You didn't know any spells.
Your spell library was empty.

Dungeon Overview and Level Annotations

Branches:
Dungeon (4/15)             Temple (1/1) D:4

Altars:
Ashenzari
Cheibriados
Elyvilon
Fedhas
Kikubaaqudgha
Makhleb
Nemelex Xobeh
Qazlal
Ru
Sif Muna
Uskayaw
Wu Jian
Xom

Annotations:
D:4 1 transporter, LordJstr's ghost, amateur HOFi
Temple 4 transporters


Innate Abilities, Weirdness & Mutations

You have a pair of horns on your head.
You reflexively headbutt those who attack you in melee.


Message History

There is an open translucent door here.
You see here a throwing net.
The gnoll attacks as it pursues you! The gnoll hits you but does no damage.
The gnoll hits you from afar with a +0 halberd!
The gnoll hits you but does no damage.
You hit the gnoll but do no damage.
The gnoll zaps a wand.
The bolt of dispelling energy hits you. The gnoll barely misses you.
You hit the gnoll.
The gnoll is moderately wounded.
The gnoll closely misses you.
The gnoll hits you with a +0 halberd of pain.
You slash the gnoll!
The gnoll is almost dead.
You barely miss the gnoll.
The gnoll zaps a wand.
Your will is overpowered!
You are confused.
The gnoll hits you but does no damage.
The gnoll hits you with a +0 halberd of pain!
You are too confused!
You are too confused!
You are too confused!
You hit the gnoll.
You kill the gnoll!
Trog accepts your kill.
You hit the gnoll.
The gnoll hits you but does no damage. x2
Found a manual of Polearms.
Things that are here:
a +0 halberd of pain; an amulet of magic regeneration; a gnoll corpse You barely miss the gnoll.
The gnoll is moderately wounded.
The gnoll hits you with a +0 whip of electrocution.
You bump into the stone wall.
The gnoll hits you with a +0 whip of electrocution!
You are electrocuted!
* * * LOW HITPOINT WARNING * * *
You are too confused!
You bump into the stone wall.
The gnoll hits you with a +0 whip of electrocution.
* * * LOW HITPOINT WARNING * * *
You are electrocuted!
You die...

#..≈≈###.##'##.###≈≈.#
#..≈≈..#.#...#g#..≈≈.#
#..≈≈.##.#⌠g⌠#.##.≈≈.#
#..≈≈.#..#...#gg#.≈≈.#
#..≈≈.##.##.##.##.≈≈.#
#......#.#...#.#..≈≈.#
#.....©#gg.©.'.#©.~~.#
#......#g#8⌠8#.#..≈≈.#
#..≈≈.##@#####.##.≈≈.#
#..≈≈.#©.#.:.#..#.≈≈.####
#..≈≈.##.#...#.##.≈≈.....
#..≈≈..#g#.g$#.#..≈≈.####
#..≈≈###.##'##.###≈≈..##
#..≈≈#W.........g#≈≈...##
#..≈≈#..###g###..#≈≈.#..#
#..≈≈#g.#8###8#..#≈≈..#.#
#..≈≈####.....####≈≈....#


You could see a gnoll sergeant, a gnoll bouda and 3 gnolls.

Vanquished Creatures
  Grinder (D:3)
  A bullfrog (D:4)
  2 hounds
  Jessica (D:3)
  An iguana (D:4)
  Robin (D:3)
  A gnoll (D:4)
  An adder (D:4)
  A dart slug (D:4)
  A ribbon worm (D:2)
  5 bats
  10 endoplasms
  4 giant cockroaches
  13 goblins
  7 hobgoblins
  4 jackals (D:3)
  A quokka (D:1)
  5 ball pythons
  2 frilled lizards (D:1)
  5 kobolds
  8 rats
75 creatures vanquished.

Notes
Turn   | Place    | Note
-------+----------+-------------------------------------------
     0 | D:1      | Curundu the Minotaur Berserker began the quest for the Orb.
     0 | D:1      | Reached XP level 1. HP: 19/19 MP: 0/0
   226 | D:1      | Reached skill level 4 in Axes
   226 | D:1      | Reached XP level 2. HP: 27/27 MP: 1/1
   829 | D:2      | Identified the +9 hand axe of Qazlal {spect, +Blink Int+5}
   952 | D:2      | Reached ** piety under Trog
  1066 | D:2      | Reached XP level 3. HP: 33/33 MP: 2/2
  1579 | D:2      | Found a faded altar of an unknown god.
  1790 | D:3      | Reached XP level 4. HP: 41/41 MP: 3/3
  1843 | D:3      | Found an ornate altar of the Wu Jian Council.
  1843 | D:3      | Noticed Robin
  1861 | D:3      | Killed Robin
  2064 | D:3      | Found a sparkling altar of Nemelex Xobeh.
  2083 | D:3      | Noticed Jessica
  2088 | D:3      | Killed Jessica
  2088 | D:3      | Noticed Grinder
  2089 | D:3      | Reached skill level 5 in Axes
  2100 | D:3      | Paralysed by Grinder for 3 turns
  2108 | D:3      | Killed Grinder
  2109 | D:3      | Reached skill level 5 in Fighting
  2109 | D:3      | Reached skill level 6 in Axes
  2109 | D:3      | Reached XP level 5. HP: 29/48 MP: 4/4
  2109 | D:3      | Reached XP level 6. HP: 34/56 MP: 5/5
  2337 | D:4      | Found a staircase to the Ecumenical Temple.
  2349 | Temple   | Found a transporter.
  2349 | Temple   | Found a transporter.
  2349 | Temple   | Found a transporter.
  2349 | Temple   | Found a transporter.
  2349 | Temple   | Entered the Ecumenical Temple
  2634 | D:4      | Reached skill level 5 in Armour
  2829 | D:4      | Found a transporter.
  2829 | D:4      | Found a transporter.
  2830 | D:4      | Noticed LordJstr's ghost (amateur HOFi)
  2853 | D:4      | Slain by a gnoll

Illustrated notes

Levels and vault maps discovered:
D:1:      eino_arrival_water_cross, layout_basic, nicolae_houndstooth_variations
D:2:      layout_loops_corners, chequers_ecumenical_altar_twisty
D:3:      layout_basic, pdpol_wu_jian_five_deadly_venoms,
          nemelex_diamond_rough_becter, serial_bayou_pond_d, serial_park_tiny_2,
          uniq_jessica, uniq_robin, uniq_grinder
D:4:      layout_rooms, minmay_temple_entry_statues_pillars,
          gammafunk_ghost_gnarly_gnolls
Temple:   hellmonk_temple_divided_pantheon

Skill      XL: |  1  2  3  4  5  6 |
---------------+-------------------+-----
Axes           | 4 6 |  6.9
Fighting       | 4 5 |  5.2
Armour         | 3 4 5 |  5.1
Dodging        | |  2.9
Stealth        | |  0.1

Action                     |  1- 3 |  4- 6 || total
---------------------------+-------+-------++-------
  Melee: Hand axe          |    95 |    82 ||   177
         Headbutt          |    12 |    11 ||    23
 Invoke: Trog's Hand       |       |     1 ||     1
    Use: Scroll            |     5 |     2 ||     7
 Armour: Animal skin       |    17 |       ||    17
         Chain mail        |    40 |    15 ||    55
         Plate armour      |       |    46 ||    46
  Dodge: Dodged            |    57 |    35 ||    92
